Unix NetHack Version 5.0.0-0 post-release - last build May 10 2026 23:12:36 (d1fa5d53e341ca933230fdaa984d921c805b60aa,branch:main).

Game began 2026-05-14 02:28:32, ended 2026-05-16 01:16:45.

Eesui, chaotic male human Rogue

            -----
        5   1...|
     ---------..--
     |.a.....|...--
     |@.....B|...@---....
     |...@..@-aaAAA%.@.%.@
     |....@.a|.4.A---......
     |a......|..A--    .@%.
     ---------..--      -|-
             ...|      -.@%  -----
            -----    ...%..A..@..|
                     A...A....)'.-
                     ......D..T%).-
                      ...... .....
                       ..A.   ...

Eesui the Burglar       St:25 Dx:18 Co:18 In:18 Wi:18 Ch:13  Chaotic
Astral Plane $:0  HP:146(398) Pw:122(122) AC:-22 Xp:21/10039196 T:86892 

Latest messages:
 The high priestess seems more experienced.
 Pick a monster, object or location.
 @        a human or elf (priest of Mog)
 The high priestess intones:
 "Pilgrim, you enter a sacred place!"
 The priest of Mog turns to flee.
 The priest of Mog wields a mace!
 The mace welds itself to the priest of Mog's hand!
 The priest of Mog casts a spell!
 The priest of Mog summons insects!
 You hit the priest of Mog with the cockatrice corpse.
 The priest of Mog is slowing down.
 The priest of Mog turns to stone.
 You see here a statue of a priest.
 The giant beetle turns to flee.
 The giant ant turns to flee.
 The fire ant turns to flee.
 The vampire bat turns to flee.
 The priestess of Kos drinks a potion of gain level!
 The priestess of Kos looks uneasy.
 What do you want to use or apply? [acdflmrxzMOUWX or ?*]
 What do you want to zap? [adrxOUW or ?*]
 In what direction?
 Status of the priestess of Kos (chaotic, medium):  Level 18  HP 94(94)  AC 7, peaceful.
 Pick a monster, object or location.
 @        a human or elf (peaceful high priestess)
 Pick a monster, object or location.
          a doorway or the floor of a room or the dark part of a room or ice (floor of a room)
 The guardian Angel of Kos swings her long sword at the Angel of Kos.
 The guardian Angel of Kos hits the Angel of Kos.
 The guardian Angel of Kos swings her long sword at the Angel of Kos.
 The guardian Angel of Kos hits the Angel of Kos.
 The guardian Angel of Kos hits the Angel of Kos.
 The Angel of Kos wields a long sword!
 The vampire bat turns to flee.
 You hear someone reading a scroll of create monster.
 You stop.  The high priestess of Kos doesn't want to swap places.
 #
 What do you want to sacrifice? [S or ?*]
 You offer the Amulet of Yendor to Kos...
 An invisible choir sings, and you are bathed in radiance...
 The voice of Kos thunders: "Mortal, thou hast done well!"
 "In return for thy service, I grant thee the gift of Immortality!"
 You ascend to the status of Demigod...
 Do you want your possessions identified? [ynq] (y)
 Do you want to see your attributes? [ynq] (y)
 Do you want an account of creatures vanquished? [ynaq] (y)
 Do you want a list of extinct species? [ynq] (y)
 Do you want to see your conduct and achievements? [ynq] (y)
 Do you want to see the dungeon overview? [ynq] (y)

Inventory:
 Amulets  ('"')
  y - an uncursed amulet of life saving (being worn)
 Weapons  (')')
  g - a +6 dagger (alternate weapon; not wielded)
  Z - 9 +6 daggers (at the ready)
  Y - the blessed rustproof +7 Stormbringer
 Armor    ('[')
  i - an uncursed greased rustproof +1 dwarvish iron helm (being worn)
  Q - a cursed rustproof +2 pair of gauntlets of power (being worn)
  J - a blessed fireproof +3 pair of speed boots (being worn)
  V - a blessed greased fireproof +4 cloak of magic resistance
  n - a blessed +3 silver dragon scale mail (being worn)
 Comestibles  ('%')
  A - an uncursed sprig of wolfsbane
  p - an uncursed cockatrice corpse (wielded)
  k - an uncursed lizard corpse
 Scrolls  ('?')
  o - 2 blessed scrolls of taming
  q - an uncursed scroll of teleportation
 Spellbooks  ('+')
  m - an uncursed spellbook of cure blindness
 Rings    ('=')
  G - an uncursed ring of conflict
  I - an uncursed ring of free action (on left hand)
  j - an uncursed ring of regeneration
  h - an uncursed ring of slow digestion (on right hand)
 Wands    ('/')
  O - a wand of fire (0:6)
  W - a wand of probing (0:2)
  d - a wand of speed monster (0:5)
  a - a wand of striking (0:0)
  x - a wand of teleportation (0:7)
  r - a wand of teleportation (0:5)
  U - a wand of teleportation (0:4)
 Tools    ('(')
  f - a blessed greased bag of holding containing 68 items
  M - an uncursed blindfold
  z - a can of grease (0:0)
  l - an uncursed magic lamp (lit)
  X - the blessed Master Key of Thievery
  c - a blessed +0 unicorn horn
 Gems/Stones  ('*')
  B - a blessed luckstone

Contents of the bag of holding:
  6 +6 daggers
  a cursed -1 helm of opposite alignment
  an uncursed slime mold
  3 uncursed lumps of royal jelly
  an uncursed tin of displacer beast meat
  an uncursed tin of gelatinous cube
  an uncursed tin of nurse meat
  an uncursed lizard corpse
  2 uncursed lizard corpses
  2 blessed scrolls of blank paper
  an uncursed scroll of blank paper
  a blessed scroll of charging
  an uncursed scroll of genocide
  an uncursed scroll of magic mapping
  a blessed scroll of remove curse
  an uncursed scroll of stinking cloud
  4 uncursed scrolls of teleportation
  an uncursed potion of extra healing
  an uncursed potion of fruit juice
  a blessed potion of paralysis
  3 uncursed potions of paralysis
  an uncursed potion of restore ability
  2 cursed potions of restore ability
  5 potions of holy water
  2 uncursed potions of water
  a cursed ring of conflict
  a cursed ring of conflict
  an uncursed ring of free action
  an uncursed ring of invisibility
  a cursed ring of invisibility named naz 2
  an uncursed ring of regeneration
  an uncursed ring of slow digestion
  a wand of digging (0:5)
  a wand of digging (0:0)
  a wand of striking (0:6)
  a wand of striking (0:6)
  a wand of striking (0:3)
  a wand of striking (0:2)
  a can of grease (0:10)
  a can of grease (0:8)
  a can of grease (0:5)
  an expensive camera (0:47)
  an uncursed lock pick
  a blessed magic lamp named AAAAAAA
  a blessed magic lamp named WISH ITEMS MAKE FINDING STUFF HARDER
  an uncursed magic lamp named MAGIC MARKER PLEASE
  an uncursed wet towel
  13 uncursed agate stones
  5 uncursed amethyst stones
  an uncursed aquamarine stone
  2 uncursed black opals
  3 uncursed chrysoberyl stones
  2 uncursed diamonds
  7 uncursed dilithium crystals
  8 uncursed emeralds
  6 uncursed fluorite stones
  5 uncursed garnet stones
  2 uncursed jacinth stones
  4 cursed jacinth stones
  2 uncursed jade stones
  9 uncursed jasper stones
  an uncursed jet stone
  an uncursed obsidian stone
  8 uncursed rubies
  an uncursed topaz stone
  5 uncursed turquoise stones
  21 uncursed worthless pieces of blue glass
  3 cursed worthless pieces of blue glass

Eesui the Rogue's attributes:

Background:
 You were a Burglar, a level 21 male human Rogue.
 You were chaotic, on a mission for Kos
 who was opposed by Issek (lawful) and Mog (neutral).
 You were right-handed.
 You were in the endgame, on the Astral Plane.
 You entered the dungeon 86892 turns ago.
 It was nighttime.
 There was a new moon in effect when your adventure ended.
 You had 10039196 experience points, 9960804 more were needed for level 22.

Basics:
 You had 146 out of 398 hit points.
 You had all 122 energy points (spell power).
 Your armor class was -22.
 Your wallet was empty.
 Autopickup was on for '$?!/=+"' plus thrown.

Final Characteristics:
 Your strength was 25 (base:18/48, peak:18/49, innate limit:18/100).
 Your dexterity was 18 (limit:18).
 Your constitution was 18 (limit:18).
 Your intelligence was 18 (limit:18).
 Your wisdom was 18 (limit:18).
 Your charisma was 13 (limit:18).

Final Status:
 You weren't hungry.
 You were unencumbered.
 You were wielding a corpse.

Final Attributes:
 You were the Glory of Arioch.
 You were piously aligned.
 You were fire resistant.
 You were cold resistant.
 You were sleep resistant.
 You were disintegration resistant.
 You were shock resistant.
 You were poison resistant.
 You saw invisible.
 You were telepathic.
 You were warned.
 You had automatic searching.
 You were stealthy.
 You aggravated monsters.
 You could teleport.
 You had teleport control.
 You had slower digestion.
 You had a moderate defense bonus (+10).
 You were warded.
 You took half physical damage.
 You were very fast.
 You had reflection.
 You had free action.
 Your life would have been saved.
 You were extremely lucky.
 You had extra luck.
 Good luck did not time out for you.
 You survived after being killed once.

Miscellaneous:
 You disabled loading of bones levels.
 Total elapsed playing time was 13 hours, 4 minutes and 24 seconds.

Major events:
 Turn
    1: Eesui the chaotic male human Rogue entered the dungeon
 1492: entered the Gnomish Mines
 1974: attained the rank of Cutpurse (level 3)
 3703: attained the rank of Rogue (level 6)
 3897: reached Mine Town
 7346: found Sting in a shop
13679: attained the rank of Pilferer (level 10)
13990: acquired the Mines' End luckstone
14678: chose a runed broadsword to be named "Orcrist"
17827: entered Sokoban
18202: completed 1st Sokoban level
18634: completed 2nd Sokoban level
19357: completed 3rd Sokoban level
20482: completed 4th Sokoban level
20823: acquired the Sokoban amulet of reflection
21507: was bestowed with Fire Brand by Kos
26325: entered the Bigroom
31948: was chosen to steal souls for the Glory of Kos
31948: was bestowed with Stormbringer
44658: killed Medusa
47410: entered Home 1, the Quest
47599: was bestowed with Ogresmasher by Kos
51510: attained the rank of Robber (level 14)
55626: the Master of Thieves has granted access to proceed deeper into the quest
55700: entered Home 2, the Quest
56054: entered Home 3, the Quest
56230: entered Home 4, the Quest
56772: entered Home 5, the Quest
57191: entered Home 6, the Quest
57207: killed the Master Assassin
57207: found the Master Key of Thievery carried by a monster
57209: acquired the Bell of Opening
59278: entered Gehennom
59718: killed Yeenoghu
60732: bribed Asmodeus with 45 zorkmids for safe passage
63659: killed Juiblex
66161: killed Baalzebub
67989: attained the rank of Burglar (level 18)
70123: killed Orcus
71853: destroyed Vlad the Impaler
71855: acquired the Candelabrum of Invocation
82750: averted death (petrified by a cockatrice corpse)
83010: killed the Wizard of Yendor
83018: acquired the Book of the Dead
83029: performed the invocation
83043: killed the Wizard of Yendor (2nd time)
83559: killed the high priestess of Moloch
83562: acquired The Amulet of Yendor
83563: declined to make a wish
83767: killed the Wizard of Yendor (3rd time)
85841: entered the Elemental Planes
85841: entered Plane of Earth
85845: killed the Wizard of Yendor (5th time)
85933: entered Plane of Air
86032: entered Plane of Fire
86089: entered Plane of Water
86841: entered the Astral Plane
86849: found Frost Brand carried by a monster
86867: killed Famine
86892: ascended

Spells:
 Name                 Level Category     Fail Retention
 invisibility           4   escape       100%    (gone)
 jumping                1   escape       100%    (gone)
 haste self             3   escape       100%   51%-75%

Skills:
 Fighting Skills
   bare handed combat [Unskilled]
   two weapon combat  [Skilled]
   riding             [Unskilled]
 Weapon Skills
   dagger             [Expert]
   knife              [Unskilled]
   short sword        [Basic]
   broadsword         [Skilled]
   long sword         [Skilled]
   two-handed sword   [Unskilled]
   saber              [Skilled]
   club               [Unskilled]
   mace               [Unskilled]
   morning star       [Unskilled]
   flail              [Unskilled]
   hammer             [Unskilled]
   polearms           [Unskilled]
   spear              [Unskilled]
   crossbow           [Unskilled]
   dart               [Unskilled]
   shuriken           [Unskilled]
 Spellcasting Skills
   divination spells  [Unskilled]
   escape spells      [Unskilled]
   matter spells      [Unskilled]

Voluntary challenges:
 Character rerolling was not enabled.
 You never genocided any monsters.
 You never polymorphed an object.
 You used no wishes.
 You did not violate any of the special Sokoban rules.
Achievements:
 You entered a shop.
 You entered the Gnomish Mines.
 You attained the rank of Cutpurse.
 You attained the rank of Rogue.
 You entered Minetown.
 You entered a temple.
 You attained the rank of Pilferer.
 You completed the Gnomish Mines.
 You entered Sokoban.
 You completed Sokoban.
 You entered the Big Room.
 You defeated Medusa.
 You attained the rank of Robber.
 You handled the Bell of Opening.
 You entered Gehennom.
 You attained the rank of Burglar.
 You handled the Candelabrum of Invocation.
 You handled the Book of the Dead.
 You gained access to Moloch's Sanctum.
 You reached the Elemental Planes.
 You reached the Astral Plane.
 You delivered the Amulet of Yendor.
 You ascended!

 The Elemental Planes:
    Astral Plane: <- You are here.
       A temple and an altar to Kos.
    Plane of Water:
    Plane of Fire:
    Plane of Air:
    Plane of Earth:
 The Dungeons of Doom: levels 1 to 28
    Level 1:
       A sink.
       One way stairs up to The Elemental Planes.
    Level 2: "gold detection stash"
       A vegetarian food shop.
    Level 3:
       An altar to Kos.
       Stairs down to The Gnomish Mines.
    Level 4:
       An armor shop.
    Level 5:
       A throne.
    Level 6:
    Level 7:
       A general store.
    Level 8:
       Oracle of Delphi.
    Level 9: "crowned"
       An altar to Kos.
       Stairs up to Sokoban, level 8.
    Level 10: "vault stash"
       An altar to Kos, a grave.
    Level 11:
       Some fountains.
    Level 12:
       A very big room.
    Level 13: "vault"
       A grave.
    Level 14: "shock teleport control"
    Level 15:
       A primitive area.
       Portal to The Quest.
    Level 16:
       Some fountains.
    Level 17:
       A fountain.
    Level 18:
       A fountain, a sink, some graves.
    Level 19:
       Some fountains.
    Level 20:
    Level 21:
       A throne.
    Level 22: "vault"
       A fountain, some graves.
    Level 23: "vault"
       A throne.
    Level 24:
       A temple and an altar.
    Level 25:
       A fountain, a grave.
    Level 26: "dis res"
       Some fountains, many trees.
    Level 27:
    Level 28:
       A throne, a fountain.
       The castle.
       Connection to Gehennom.
 Gehennom: levels 29 to 51
    Level 29:
       A temple and an altar, many graves.
       Valley of the Dead.
    Level 30:
    Level 31:
    Level 32:
       Some fountains.
    Level 33:
    Level 34:
    Level 35:
    Level 36:
    Level 37:
    Level 38:
    Level 39:
    Level 40:
       Some shops, an altar, some graves.
    Level 41:
       Stairs up to Vlad's Tower, level 40.
    Level 42:
    Level 43:
    Level 44:
    Level 45:
    Level 46:
    Level 47: "portl"
    Level 48:
    Level 49:
    Level 50:
    Level 51:
       A temple and an altar, many graves.
       Moloch's Sanctum.
 The Gnomish Mines: levels 4 to 12
    Level 4:
    Level 5: "pois res"
    Level 6: "fire res"
       Many shops, a temple and an altar to Kos, many fountains.
    Level 7:
    Level 8:
    Level 9:
    Level 10:
    Level 11:
    Level 12: "cold res"
       Some fountains.
 The Quest: levels 1 to 6
    Level 1:
       Completed quest for the Master of Thieves.
    Level 2:
    Level 3:
    Level 4:
    Level 5:
    Level 6:
 Sokoban: levels 8 up to 5
    Level 5:
       Solved.
    Level 6:
       Solved.
    Level 7:
       Solved.
    Level 8:
       Solved.
 Vlad's Tower: levels 40 up to 38
    Level 38:
       A throne.
    Level 39:
    Level 40:


Vanquished creatures:
    Baalzebub
    Orcus
    Yeenoghu
 an erinys
    Juiblex
the Wizard of Yendor (5 times)
    Famine
    Vlad the Impaler
  9 arch-liches
  a high cleric
  2 mastodons
    Medusa
  9 krakens
  7 iron golems
 12 master liches
  7 storm giants
  3 glass golems
 16 balrogs
 12 purple worms
  5 gray dragons
  4 gold dragons
  5 silver dragons
 18 red dragons
  6 white dragons
  5 orange dragons
  9 black dragons
  2 blue dragons
  8 green dragons
  8 yellow dragons
 35 minotaurs
 10 jabberwocks
the Master Assassin
 17 baluchitheria
 13 Angels
 11 demiliches
  7 stone golems
  7 master mind flayers
 10 Olog-hai
  2 Nazgul
 17 pit fiends
  2 sandestins
  8 hell hounds
 13 displacer beasts
  4 titanotheres
  6 trappers
  a baby gray dragon
  7 baby red dragons
  a baby black dragon
  a baby green dragon
  3 baby yellow dragons
 26 guardian nagas
  7 genetic engineers
  7 disenchanters
 40 vampire leaders
 11 skeletons
 15 aligned clerics
 16 captains
  6 shades
  9 liches
  7 clay golems
  5 nurses
 13 ice devils
 12 nalfeshnees
  6 lurkers above
  8 Aleaxes
  5 frost giants
  5 ettins
  4 golden nagas
 13 black puddings
 26 vampires
  5 lieutenants
  a watch captain
 30 ghosts
  a tourist
  a queen bee
  5 winged gargoyles
  4 mind flayers
 14 giant mimics
 16 long worms
 10 zruties
 11 fire giants
 13 ogre tyrants
 13 ice trolls
 13 rock trolls
  8 umber hulks
  7 flesh golems
 10 elven monarchs
 15 doppelgangers
 32 hezrous
 27 bone devils
  8 large mimics
  2 wumpuses
  9 fire vortices
 11 couatls
 17 stalkers
 15 air elementals
 21 fire elementals
 22 earth elementals
 33 water elementals
  6 hill giants
 12 giant mummies
  5 black nagas
 19 xorns
 26 giant zombies
 13 elf-nobles
 26 sergeants
  a water demon
  8 barbed devils
 33 vrocks
 14 salamanders
 39 wargs
  7 winter wolves
 15 hell hound pups
 12 small mimics
  2 glass piercers
 19 warhorses
 14 steam vortices
 25 xans
  9 ettin mummies
  7 ogre leaders
 17 quantum mechanics
 45 trolls
  6 sasquatches
  4 wood golems
 13 mariliths
  8 sharks
  4 electric eels
 23 gelatinous cubes
  6 pyrolisks
  4 large dogs
  6 freezing spheres
 16 flaming spheres
 14 shocking spheres
  8 large cats
 12 tigers
 10 gargoyles
  4 dwarf rulers
  8 tengu
 15 ochre jellies
 10 leocrottas
  6 energy vortices
  5 mountain centaurs
  4 stone giants
 13 elf mummies
  7 human mummies
 13 red nagas
  8 green slimes
 13 pythons
 11 pit vipers
 17 cobras
 60 wraiths
 10 carnivorous apes
 28 ettin zombies
  6 leather golems
 15 Grey-elves
 89 soldiers
  4 watchmen
 18 amorous demons
  7 horned devils
 29 chameleons
  7 crocodiles
 29 giant beetles
 12 quivering blobs
 37 cockatrices
 20 wolves
  8 winter wolf cubs
  4 lynxes
  9 panthers
 35 gremlins
  2 spotted jellies
 75 leprechauns
 11 orc-captains
  8 iron piercers
  5 mumakil
 21 giant spiders
  9 scorpions
 10 horses
  2 ice vortices
 19 black lights
 10 vampire bats
  9 forest centaurs
 14 gnome rulers
  6 orc mummies
  7 dwarf mummies
 an ogre
 11 brown puddings
 10 rust monsters
 23 owlbears
 10 yetis
  6 gold golems
  3 werewolves
 10 Green-elves
  4 piranha
 12 giant eels
 30 lizards
  7 chickatrices
  4 dingoes
  a dog
  3 housecats
 13 jaguars
 14 dwarf leaders
  6 blue jellies
  4 white unicorns
  7 gray unicorns
  8 dust vortices
  7 ravens
  8 plains centaurs
  7 gnome mummies
 12 snakes
  6 water moccasins
 27 apes
 36 human zombies
  3 rope golems
  6 Woodland-elves
 29 soldier ants
 22 fire ants
 30 bugbears
  4 imps
  6 lemures
  8 quasits
  9 wood nymphs
 25 water nymphs
 11 mountain nymphs
  9 Mordor orcs
 40 Uruk-hai
  4 orc shamans
 15 rock piercers
  6 rock moles
 10 ponies
 10 fog clouds
 17 yellow lights
  5 shriekers
 11 violet fungi
 39 gnome leaders
  7 gnomish wizards
  4 kobold mummies
  4 black naga hatchlings
  8 gray oozes
  7 barrow wights
 33 elf zombies
 14 ghouls
  5 straw golems
  2 paper golems
  a jellyfish
 57 giant ants
  4 little dogs
 14 floating eyes
  6 kittens
 29 dwarves
  8 homunculi
  5 kobold leaders
  3 kobold shamans
 36 hill orcs
 22 rothes
  2 rabid rats
  2 centipedes
  9 giant bats
  a Kop Sergeant
  5 monkeys
 29 orc zombies
 34 dwarf zombies
  2 wererats
  5 werejackals
 24 iguanas
 79 killer bees
 99 acid blobs
 14 coyotes
  7 gas spores
  7 hobbits
 41 manes
  9 large kobolds
 35 hobgoblins
 10 giant rats
 12 cave spiders
  4 brown molds
  2 yellow molds
  a green mold
  6 red molds
 67 gnomes
 25 garter snakes
 18 gnome zombies
 18 geckos
 41 jackals
  5 foxes
  7 kobolds
 15 goblins
 23 sewer rats
 11 grid bugs
  4 bats
 18 lichens
 17 kobold zombies
 23 newts
3838 creatures vanquished.

Extinct species:
 leprechauns (extinct)
1 species extinct.

Goodbye Eesui the Demigod...

You went to your reward with 4139818 points,
The Master Key of Thievery (worth 3500 zorkmids and 8750 points)
Stormbringer (worth 8000 zorkmids and 20000 points)
      24 worthless pieces of colored glass,
      13 agate stones (worth 2600 zorkmids),
       9 jasper stones (worth 4500 zorkmids),
       8 rubies (worth 28000 zorkmids),
       8 emeralds (worth 20000 zorkmids),
       7 dilithium crystals (worth 31500 zorkmids),
       6 jacinth stones (worth 19500 zorkmids),
       6 fluorite stones (worth 2400 zorkmids),
       5 turquoise stones (worth 10000 zorkmids),
       5 garnet stones (worth 3500 zorkmids),
       5 amethyst stones (worth 3000 zorkmids),
       3 chrysoberyl stones (worth 2100 zorkmids),
       2 diamonds (worth 8000 zorkmids),
       2 black opals (worth 5000 zorkmids),
       2 jade stones (worth 600 zorkmids),
       1 aquamarine stone (worth 1500 zorkmids),
       1 topaz stone (worth 900 zorkmids),
       1 jet stone (worth 850 zorkmids),
       1 obsidian stone (worth 200 zorkmids),
       1 amulet of life saving (worth 150 zorkmids),
and 0 pieces of gold, after 86892 moves.
You were level 21 with a maximum of 398 hit points when you ascended.

